 Dungeon Crawl Stone Soup version 0.32-a0-664-gf59354a (webtiles) character file.

Game seed: 2412267141661541500

12091 Meow the Fighter (level 11, -1/115 HPs)
             Began as a Naga Conjurer on Mar 9, 2024.
             Was an Initiate of Gozag.
             Slain by a yak (9 damage)
             ... in an ice cave.
             The game lasted 00:37:11 (13685 turns).

Meow the Fighter (Naga Conjurer)                   Turns: 13685, Time: 00:37:12

Health: -1/115     AC:  8    Str: 10    XL:     11   Next: 87%
Magic:  4/25       EV:  9    Int: 23    God:    Gozag
Gold:   4519       SH:  0    Dex:  9    Spells: 13/30 levels left

rFire   x . .        s - +5 mace of Invincibility {drain, rPois rF- rC++}
rCold   + + .        (no shield)
rNeg    . . .        d - +0 robe
rPois   +            G - +2 hat
rElec   .            D - +0 cloak
rCorr   .            p - +0 pair of gloves
SInv    +            (no barding)
Will    +....        (no amulet)
Stlth   ++           (no ring)
HPRegen 0.39/turn    (no ring)
MPRegen 0.19/turn

%: no passive effects
@: very slow
A: AC +3, large, see invisible, deformed body, poison resistance, slowness 2,
spit poison 1, naga tail 1
a: Spit Poison, Renounce Religion, Potion Petition, Call Merchant, Bribe Branch


You were in an ice cave.
You worshipped Gozag.
Gozag was most pleased with you.
You visited 3 branches of the dungeon, and saw 13 of its levels.
You also visited: Ossuary and Ice Cave.

You collected 4638 gold pieces.
You paid 119 gold pieces to Gozag.

Inventory:

Hand Weapons
 a - a +0 arbalest
 b - a +1 dagger of venom
 s - the +5 mace of Invincibility (weapon) {drain, rPois rF- rC++}
   (You found it in an ice cave)

   rF-:       It makes you vulnerable to fire.
   rC++:      It greatly protects you from cold.
   rPois:     It protects you from poison.
 H - a +0 orcbow
Missiles
 e - 101 stones
 A - 22 javelins
Armour
 d - a +0 robe (worn)
 p - a +0 pair of gloves (worn)
 D - a +0 cloak (worn)
 G - a +2 hat (worn)
Talismans
 m - a beast talisman
 q - a maw talisman
Wands
 l - a wand of polymorph (14)
 t - a wand of digging (6)
 y - a wand of mindburst (9)
 E - a wand of acid (1)
Scrolls
 c - a scroll of vulnerability
 g - 3 scrolls of teleportation
 h - a scroll of fog
 i - a scroll of enchant weapon {unknown}
 o - a scroll of noise {unknown}
 u - 2 scrolls of revelation
 w - 4 scrolls of immolation
 x - a scroll of blinking {unknown}
 z - a scroll of acquirement
 B - 2 scrolls of amnesia {unknown}
 C - a scroll of enchant armour {unknown}
 F - a scroll of fear
Potions
 f - 3 potions of brilliance
 j - 3 potions of attraction
 k - a potion of magic
 n - 2 potions of invisibility
 r - 2 potions of might
 v - 2 potions of mutation {unknown}
 I - a potion of berserk rage {unknown}
 J - a potion of degeneration {unknown}
 K - a potion of curing


   Skills:
 + Level 12.4 Fighting
 - Level 1.5 Dodging
 - Level 3.0 Stealth
 - Level 10.0 Spellcasting
 - Level 10.0 Conjurations


You had 13 spell levels left.
You knew the following spells:

 Your Spells              Type           Power      Damage    Failure   Level
a - Magic Dart            Conj           100%       1d8       1%          1
b - Searing Ray           Conj           100%       2d8       1%          2
c - Hailstorm             Conj/Ice       34%        3d8       2%          3
f - Frozen Ramparts       Ice            22%        1d4       17%         3
B - Iskenderun's Mystic   Conj/Tloc      34%        2d8       7%          4
F - Fulminant Prism       Conj/Alch      17%        3d10      7%          4

Your spell library contained the following spells:

 Spells                   Type           Power      Damage    Failure   Level
 Static Discharge         Conj/Air       68%        3-6/arc   1%          2
 Freeze                   Ice            44%        1d6       5%          1
 Call Imp                 Summ           22%        N/A       9%          2
 Jinxbite                 Hex            22%        N/A       9%          2
 Sublimation of Blood     Necr           11%        N/A       9%          2
 Airstrike                Air            5%         2d(1-17)  50%         4
 Summon Lightning Spire   Summ/Air       11%        N/A       50%         4
 Yara's Violent Unravell  Hex/Alch       5%         3d4       83%         5
 Enfeeble                 Hex            5%         N/A       100%        7
 Summon Hydra             Summ           5%         N/A       100%        7


Dungeon Overview and Level Annotations

Branches:
Dungeon (11/15)            Temple (1/1) D:5             Orc (1/2) D:9
Ossuary (visited)           IceCv (1/1)
   Lair: D:8-11

Altars:
Ashenzari
Cheibriados
Dithmenos
Elyvilon
Fedhas
Gozag
Hepliaklqana
Kikubaaqudgha
Makhleb
Nemelex Xobeh
Okawaru
Qazlal
Ru
Sif Muna
Trog
Uskayaw
Vehumet
Wu Jian
Xom
Yredelemnul
Zin
The Shining One

Annotations:
D:4 Grinder
D:9 Gastronok
D:10 3 runed translucent doors, Bis Vepn's ghost, novice VSBr


Innate Abilities, Weirdness & Mutations

Your serpentine skin is tough. (AC +3)
You have supernaturally acute eyesight. (SInv)
Armour fits poorly on your strangely shaped body.
Your system is resistant to poisons. (rPois)
You cover ground very slowly.
You can spit poison.
You have a snake-like lower body.


Message History

The wall freezes the yak but does no damage.
The wall freezes the yak.
The yak gores you.
The wall freezes the yak but does no damage.
The yak gores you!
The searing ray hits the yak but does no damage.
The yak is severely wounded.
The wall freezes the yak.
The polar bear resists.
The wall freezes the polar bear.
The wall freezes the yak.
The yak is distracted by your dazzling golden aura.
The wall freezes the yak.
The yak gores you.
The yak bellows!
The frozen ramparts melt away as you move.
You hear an angry growl.
The yak is no longer distracted by gold.
The yak barely misses you.
The polar bear is distracted by your dazzling golden aura.
The yak is distracted by your dazzling golden aura.
The polar bear growls angrily.
As you read the scroll of teleportation, it crumbles to dust.
You feel strangely unstable. The yak gores you.
The yak gores you but does no damage.
Unknown command.
The polar bear is no longer distracted by gold.
The yak is no longer distracted by gold.
The yak gores you but does no damage.
Unknown command.
Your surroundings seem slightly different.
The yak barely misses you. The polar bear barely misses you.
The polar bear claws you.
The polar bear claws you but does no damage.
The yak gores you. The yak gores you!
* * * LOW HITPOINT WARNING * * *
The yak gores you.
* * * LOW HITPOINT WARNING * * *
The polar bear bites you!
* * * LOW HITPOINT WARNING * * *
The polar bear completely misses you. The polar bear barely misses you.
The yak gores you!
You die...
Your body crumbles into a pile of gold.

##############
##.#.##..#....##
#...#.#.#.#.§..##
..###..###.##.YY##
.#######≈≈≈≈###Y@#
...#####≈≈≈≈≈##Yh##
##..##..###≈≈###$$#
#..#......##≈#...##
###.#####..####..#
#....#....####....$.$.
#######.###..#
##...#### §#....##
#...## ##Y.#
§...#..#####..### ..#


You could see a polar bear and 4 yaks.

Vanquished Creatures
  Erolcha (D:9)
  An ugly thing (IceCv)
  2 rime drakes (D:11)
  A troll (D:10)
  3 polar bears (IceCv)
  A hornet (D:8)
  A shadow (D:11)
  A wraith (D:9)
  17 yaks
  5 wyverns
  2 steam dragons
  4 vampire mosquitoes (D:8)
  An acid dragon (D:5)
  2 water moccasins
  An orc warrior (D:10)
  2 ice beasts
  2 sky beasts
  A black bear (D:8)
  14 wolves (IceCv)
  An ogre (D:6)
  4 centaurs
  2 phantoms
  3 kobold brigands
  3 bullfrogs
  A gnoll sergeant (D:7)
  4 water moccasin zombies (Ossuary)
  A burial acolyte (Ossuary)
  4 wights (D:10)
  2 troll zombies (D:9)
  14 killer bees
  5 bombardier beetles
  5 hounds
  A gnoll bouda (D:5)
  A jelly (D:7)
  4 orc priests
  A sleepcap (D:7)
  An iguana (D:5)
  9 orc wizards
  6 ogre zombies (D:9)
  2 crocodile zombies (Ossuary)
  2 mummies (Ossuary)
  7 gnolls
  7 adders
  4 ufetubi
  5 adder zombies (Ossuary)
  A ribbon worm (D:2)
  23 orcs
  A ball python (D:1)
  2 endoplasms
  14 gnoll zombies
  A goblin (D:1)
  3 hobgoblins
  4 quokkas
  3 bats
  A frilled lizard (D:1)
  4 gnoll skeletons (D:9)
  4 jackal zombies (Ossuary)
  18 kobolds
  2 orc skeletons (D:9)
  21 orc zombies
  2 rats
265 creatures vanquished.

Vanquished Creatures (others)
  3 fulminant prisms (IceCv)
3 creatures vanquished.

Grand Total: 268 creatures vanquished

Notes
Turn   | Place    | Note
-------+----------+-------------------------------------------
     0 | D:1      | Meow the Naga Conjurer began the quest for the Orb.
     0 | D:1      | Reached XP level 1. HP: 15/15 MP: 3/3
   489 | D:1      | Reached XP level 2. HP: 22/22 MP: 1/5
   535 | D:1      | Learned a level 2 spell: Searing Ray
   964 | D:2      | Reached XP level 3. HP: 28/28 MP: 2/6
  1413 | D:3      | Found a basalt altar of Yredelemnul.
  1517 | D:3      | Reached XP level 4. HP: 20/36 MP: 3/8
  1734 | D:3      | Reached skill level 5 in Conjurations
  2154 | D:4      | Noticed Grinder
  2216 | D:4      | Identified 3 scrolls of acquirement
  2224 | D:5      | Entered Level 5 of the Dungeon
  2323 | D:5      | Noticed an ice beast
  2381 | D:6      | Found a sand-covered staircase.
  2389 | Ossuary  | Entered an ossuary
  2470 | Ossuary  | Reached XP level 5. HP: 32/42 MP: 0/10
  2491 | Ossuary  | Reached XP level 6. HP: 49/49 MP: 3/12
  3071 | Ossuary  | Reached XP level 7. HP: 52/55 MP: 4/14
  3148 | Ossuary  | Reached skill level 5 in Spellcasting
  3298 | D:6      | Reached skill level 1 in Fighting
  3412 | D:6      | Reached skill level 2 in Fighting
  3456 | D:6      | Noticed a steam dragon
  3470 | D:6      | Killed a steam dragon
  3471 | D:6      | Reached skill level 4 in Fighting
  3471 | D:6      | Reached XP level 8. HP: 42/72 MP: 2/15
  3676 | D:6      | Reached skill level 5 in Fighting
  4102 | D:6      | Found a glowing golden altar of the Shining One.
  4120 | D:6      | Reached skill level 6 in Fighting
  4785 | D:5      | Found a staircase to the Ecumenical Temple.
  4825 | Temple   | Entered the Ecumenical Temple
  4831 | Temple   | Became a worshipper of Gozag Ym Sagoz the Greedy
  4840 | D:5      | Acquired 828 gold pieces
  4841 | D:5      | Acquired 916 gold pieces
  4842 | D:5      | Acquired 822 gold pieces
  4925 | D:5      | Reached skill level 7 in Fighting
  5209 | D:5      | HP: 4/81 [burnt (4)]
  5526 | Temple   | Learned a level 3 spell: Frozen Ramparts
  5531 | Temple   | Learned a level 3 spell: Hailstorm
  5641 | D:5      | Reached skill level 8 in Fighting
  5641 | D:5      | Reached XP level 9. HP: 55/88 MP: 5/16
  7814 | D:8      | Noticed a hornet
  7824 | D:8      | Killed a hornet
  7825 | D:8      | Reached skill level 9 in Fighting
  8103 | D:8      | Reached XP level 10. HP: 79/99 MP: 4/19
  8104 | D:8      | Noticed Psyche
  8688 | D:9      | Noticed Gastronok
  8700 | D:9      | Noticed Erolcha
  8912 | D:8      | Psyche changed into Psyche the rat
  8912 | D:8      | Noticed Psyche
  8913 | D:8      | Killed Psyche the rat
  9494 | D:9      | Killed Erolcha
  9495 | D:9      | Reached skill level 10 in Fighting
 10289 | D:9      | Reached skill level 10 in Conjurations
 10296 | D:9      | Found a staircase to the Orcish Mines.
 10359 | D:9      | Reached XP level 11. HP: 107/110 MP: 12/23
 10525 | D:9      | Reached skill level 11 in Fighting
 10710 | Orc:1    | Entered Level 1 of the Orcish Mines
 10712 | Orc:1    | Noticed an ettin
 10885 | D:9      | Learned a level 4 spell: Fulminant Prism
 10890 | D:9      | Learned a level 4 spell: Iskenderun's Mystic Blast
 10914 | D:10     | Entered Level 10 of the Dungeon
 11369 | D:10     | Found a runed translucent gate.
 11370 | D:10     | Found a runed translucent gate.
 11371 | D:10     | Found a runed translucent gate.
 11372 | D:10     | Noticed Bis Vepn's ghost (novice VSBr)
 11415 | D:10     | Found a hide-covered altar of Uskayaw.
 11641 | D:10     | Reached skill level 12 in Fighting
 11782 | D:10     | Found a bloodstained altar of Trog.
 11782 | D:10     | Found a sacrificial altar of Ru.
 11782 | D:10     | Found a white marble altar of Elyvilon.
 11782 | D:10     | Found a hazy altar of Hepliaklqana.
 11793 | D:10     | Found a sparkling altar of Nemelex Xobeh.
 11798 | D:10     | Found an ornate altar of the Wu Jian Council.
 12102 | D:10     | You fall into a shaft and drop 1 floor!
 12281 | D:11     | Found a frozen archway.
 12344 | IceCv    | Entered an ice cave
 12509 | IceCv    | Identified the +5 mace of Invincibility {drain, rPois rF-
                  | rC++}
 12511 | IceCv    | Noticed a white ugly thing
 12521 | IceCv    | Killed a white ugly thing
 13282 | IceCv    | Reached skill level 10 in Spellcasting
 13685 | IceCv    | Slain by a yak

Illustrated notes

Levels and vault maps discovered:
D:1:      dpeg_arrival_three_smaller_balls, layout_rooms, serial_aquarium,
          aquarium_bridge_square [aquarium_subvault_wall,
          aquarium_subvault_bridge, aquarium_subvault_bridge,
          aquarium_subvault_bridge], aquarium_window_fake, aquarium_window_1,
          aquarium_window_2, aquarium_window_corner, aquarium_view_2b,
          aquarium_pool_five, minmay_misc_feat_tower,
          chequers_serial_rivers_marsh, minmay_misc_feat_roman,
          minmay_misc_feat_five
D:2:      layout_basic
D:3:      layout_loops_cross, old_standard_altar, minmay_fountain_box
D:4:      layout_basic, serial_shops, nicolae_shop_waterfront,
          serial_corexii_hall, corexii_hall_statues_x,
          chequers_hall_statues_wall_a, uniq_eustachio, uniq_grinder
D:5:      layout_loops_cross, minmay_temple_entry_slanted,
          minmay_misc_feat_four_crosses
D:6:      layout_basic, amcnicky_altar_gilded,
          lightli_ossuary_entry_decrepit_ruins
D:7:      layout_layer_cave
D:8:      layout_loops_ring, uniq_psyche
D:9:      layout_rooms, zombieorc2_lemuel, chequers_serial_rivers_micro_a,
          kennysheep_generic_room_14, uniq_gastronok, uniq_erolcha
D:10:     layout_long_grid, minmay_overflow_temple_hex,
          nicolae_uskayaw_dance_hall, biasface_ghost_orc_armoury
D:11:     layout_rooms, hellmonk_lair_entry_icy, serial_shops,
          nicolae_shop_tiny_real_fake_doors, portal_ice_cave_rime,
          einodemon_armed_red_devil_minivault, uniq_urug
Temple:   dshaligram_water_room_temple
Orc:1:    layout_caves, serial_shops, nicolae_shop_gibbet_a_chance
IceCv:    ice_cave_caverns_02

Skill      XL: |  1  2  3  4  5  6  7  8  9 10 11 |
---------------+----------------------------------+-----
Spellcasting   | 3 4 5 6 8 10 | 10.0
Conjurations   | 5 6 7 8 10 | 10.0
Fighting       | 4 8 9 10 12 | 12.4
Dodging        | |  1.5
Stealth        | |  3.0

Action                     |  1- 3 |  4- 6 |  7- 9 | 10-12 || total
---------------------------+-------+-------+-------+-------++-------
  Melee: Dagger            |       |    28 |     4 |     5 ||    37
   Fire: Arbalest          |     6 |    10 |    51 |    59 ||   126
   Cast: Magic Dart        |    11 |       |       |     1 ||    12
         Searing Ray       |     3 |    25 |    55 |   105 ||   188
         Frozen Ramparts   |       |       |     4 |    17 ||    21
         Hailstorm         |       |       |     2 |       ||     2
         Iskenderun's Myst |       |       |       |     7 ||     7
         Fulminant Prism   |       |       |       |     3 ||     3
Ability: Spit Poison       |    16 |     4 |    35 |    29 ||    84
  Evoke: Wand              |       |       |       |    15 ||    15
    Use: Scroll            |     4 |     6 |     6 |     5 ||    21
         Potion            |       |     1 |    10 |     5 ||    16
 Armour: Robe              |     2 |    20 |   108 |   327 ||   457
         Skin              |       |    29 |     9 |       ||    38
  Dodge: Dodged            |     2 |    14 |    58 |   163 ||   237

Table legend: (Time is in decaauts)
 A = Elapsed time spent in this place.
 B = Non-inter-level travel time spent in this place.
 C = Inter-level travel time spent in this place.
 D = Time resting spent in this place.
 E = Time spent auto-exploring this place.
 F = Levels seen in this place.
 G = Mean time per level.
                   A        B        C        D        E       F      G
               +--------+--------+--------+--------+--------+-----+--------+
         Total |  16505 |  15814 |    691 |   5600 |   7988 |  15 | 1100.3 |
       Dungeon |  14082 |  13398 |    684 |   3919 |   7611 |  11 | 1280.2 |
        Temple |     99 |     92 |      7 |     69 |      0 |   1 |   99.0 |
  Orcish Mines |      5 |      5 |      0 |      0 |      0 |   1 |    5.0 |
       Ossuary |    886 |    886 |      0 |    644 |    106 |   1 |  886.0 |
      Ice Cave |   1430 |   1430 |      0 |    968 |    270 |   1 | 1430.0 |
               +--------+--------+--------+--------+--------+-----+--------+

Top non-repeatable levels by time:
     D:8: 2419 daAuts
     D:7: 2112 daAuts
     D:6: 1981 daAuts
     D:9: 1510 daAuts
    D:10: 1449 daAuts
   IceCv: 1430 daAuts
     D:5: 1422 daAuts
     D:3: 1116 daAuts
     D:1: 1060 daAuts
 Ossuary: 886 daAuts
     D:2: 728 daAuts
    D:11: 251 daAuts
  Temple: 99 daAuts
     D:4: 30 daAuts
   Orc:1: 5 daAuts
